General information
- name: BNet
- type: Ladder team game (AT/RT)
- host: Battle.net
- saver: BEAR_AND
map: ExcavationSite
- players: 4
- length: 24:07
- speed: Fast
- version: 1.26 W3XP
- replay type:

» download(138 KB)
Players
team 1 (winner)
BEAR_AND (
teal | 110 APM | 2654 actions | 24:07)
4 Archmage
2 Blizzard
2 Brilliance Aura
3 Mountain King
2 Storm Bolt
1 Bash
» actions
| Assign group hotkey | 11 | |
| Build / train | 95 | |
| Enter build submenu | 63 | |
| Enter hero's abilities submenu | 7 | |
| Give item / drop item | 3 | |
| Right click | 1545 | |
| Select / deselect | 376 | |
| Select group hotkey | 387 | |
| Use ability | 167 | |
2654 total
» units
| Peasant | 15 | |
| Dragonhawk Rider | 6 | |
| Priest | 1 | |
| Goblin Zeppelin | 1 | |
23 total
» upgrades
| Masonry | 1 | |
| Magic Sentry | 1 | |
| Priest Training | 1 | |
3 total
» buildings
| Altar of Kings | 1 | |
| Farm | 6 | |
| Lumber Mill | 1 | |
| Scout Tower | 75 | |
| Arcane Tower | 3 | |
| Guard Tower | 37 | |
| Keep | 1 | |
| Arcane Vault | 1 | |
| Gryphon Aviary | 2 | |
| Town Hall | 1 | |
| Arcane Sanctum | 1 | |
| Castle | 1 | |
130 total
» build order
00:11 Altar of Kings
00:18 Farm
00:35 Lumber Mill
01:17 Scout Tower
01:18 Scout Tower
01:26 Scout Tower
01:29 Farm
01:46 Arcane Tower
01:49 Scout Tower
02:12 Guard Tower
02:15 Scout Tower
02:37 Guard Tower
02:39 Scout Tower
02:45 Guard Tower
03:02 Scout Tower
03:05 Guard Tower
03:06 Guard Tower
03:07 Scout Tower
03:28 Scout Tower
03:29 Scout Tower
03:30 Guard Tower
03:38 Guard Tower
03:39 Guard Tower
03:59 Guard Tower
04:02 Scout Tower
04:08 Arcane Tower
04:31 Keep
04:46 Guard Tower
04:47 Scout Tower
04:50 Scout Tower
04:51 Scout Tower
04:52 Scout Tower
05:02 Farm
05:18 Guard Tower
05:38 Farm
05:49 Guard Tower
06:10 Arcane Vault
06:21 Guard Tower
06:23 Scout Tower
06:24 Scout Tower
07:19 Guard Tower
07:21 Gryphon Aviary
07:25 Gryphon Aviary
07:34 Scout Tower
07:36 Scout Tower
08:50 Farm
08:51 Farm
10:52 Town Hall
11:00 Scout Tower
11:00 Scout Tower
11:02 Scout Tower
11:04 Scout Tower
11:05 Scout Tower
11:47 Arcane Sanctum
11:49 Castle
12:00 Arcane Tower
12:00 Guard Tower
12:04 Guard Tower
12:46 Guard Tower
12:46 Guard Tower
12:48 Scout Tower
12:48 Scout Tower
12:49 Guard Tower
13:44 Guard Tower
13:46 Guard Tower
13:47 Scout Tower
13:48 Scout Tower
13:50 Scout Tower
13:50 Scout Tower
13:52 Scout Tower
13:53 Scout Tower
13:55 Scout Tower
13:56 Scout Tower
13:56 Scout Tower
13:57 Scout Tower
14:59 Guard Tower
15:27 Scout Tower
15:28 Scout Tower
15:28 Scout Tower
15:58 Guard Tower
16:01 Scout Tower
16:01 Scout Tower
16:02 Scout Tower
16:04 Scout Tower
16:05 Scout Tower
16:06 Scout Tower
16:13 Scout Tower
16:14 Scout Tower
16:15 Scout Tower
16:16 Scout Tower
16:16 Guard Tower
16:56 Guard Tower
16:57 Guard Tower
17:11 Guard Tower
17:19 Scout Tower
17:20 Scout Tower
17:21 Scout Tower
17:43 Guard Tower
17:49 Guard Tower
17:52 Guard Tower
17:52 Guard Tower
18:43 Guard Tower
20:30 Scout Tower
20:30 Scout Tower
20:31 Scout Tower
20:33 Scout Tower
20:34 Scout Tower
20:36 Scout Tower
20:36 Scout Tower
20:37 Scout Tower
20:39 Scout Tower
20:41 Scout Tower
20:42 Scout Tower
20:42 Scout Tower
21:33 Guard Tower
21:44 Scout Tower
21:45 Scout Tower
21:45 Scout Tower
21:46 Scout Tower
21:46 Scout Tower
21:47 Scout Tower
21:49 Scout Tower
21:49 Scout Tower
21:50 Scout Tower
23:33 Guard Tower
23:37 Scout Tower
23:37 Scout Tower
» items
| Healing Salve | 4 | |
| Lesser Clarity Potion | 1 | |
| Potion of Healing | 1 | |
| Staff of Teleportation | 2 | |
| Boots of Speed | 2 | |
| Orb of Lightning | 1 | |
| Scroll of Town Portal | 1 | |
| Staff of Sanctuary | 1 | |
| Scroll of Regeneration | 1 | |
14 total
timg4strok (
pink | 71 APM | 1705 actions | 24:06)
5 Blademaster
2 Wind Walk
3 Critical Strike
» actions
| Assign group hotkey | 14 | |
| Basic commands | 7 | |
| Build / train | 57 | |
| ESC pressed | 4 | |
| Enter build submenu | 44 | |
| Enter hero's abilities submenu | 5 | |
| Give item / drop item | 6 | |
| Right click | 963 | |
| Select / deselect | 222 | |
| Select group hotkey | 275 | |
| Use ability | 108 | |
1705 total
» units
» upgrades
| Ranged Weapons | 2 | |
| Liquid Fire | 1 | |
| Reinforced Defenses | 1 | |
| Spiked Barricades | 1 | |
5 total
» buildings
| Altar of Storms | 3 | |
| Orc Burrow | 6 | |
| War Mill | 2 | |
| Voodoo Lounge | 2 | |
| Watch Tower | 23 | |
| Stronghold | 3 | |
| Fortress | 2 | |
| Beastiary | 5 | |
| Great Hall | 1 | |
47 total
» build order
00:14 Altar of Storms
00:17 Orc Burrow
00:47 War Mill
01:53 Voodoo Lounge
02:01 Watch Tower
02:21 Watch Tower
02:29 Orc Burrow
02:43 Watch Tower
04:02 Watch Tower
04:02 Watch Tower
04:08 Watch Tower
04:09 Watch Tower
04:27 Stronghold
04:28 Stronghold
04:51 Watch Tower
04:52 Watch Tower
05:42 Orc Burrow
05:47 Watch Tower
06:48 Fortress
06:55 Beastiary
06:59 Beastiary
07:02 Beastiary
07:04 Beastiary
07:30 Orc Burrow
11:07 Great Hall
11:24 Watch Tower
11:24 Watch Tower
11:45 Watch Tower
11:47 Watch Tower
11:59 Watch Tower
12:27 Watch Tower
12:32 Watch Tower
12:50 Watch Tower
12:55 Watch Tower
13:25 Voodoo Lounge
13:41 Watch Tower
14:02 Watch Tower
14:13 Watch Tower
15:12 Altar of Storms
15:14 Watch Tower
15:59 Orc Burrow
16:07 Beastiary
17:21 War Mill
19:32 Altar of Storms
20:35 Orc Burrow
» items
| Staff of Teleportation | 1 | |
| Dust of Appearance | 1 | |
| Lesser Clarity Potion | 2 | |
| Healing Salve | 3 | |
| Boots of Speed | 1 | |
| Orb of Lightning | 1 | |
9 total
team 2 (loser)
Adam.Sandler (
red | 74 APM | 1770 actions | 24:04)
6 Blademaster
3 Wind Walk
2 Critical Strike
1 Bladestorm
» actions
| Assign group hotkey | 25 | |
| Basic commands | 72 | |
| Build / train | 73 | |
| ESC pressed | 1 | |
| Enter build submenu | 20 | |
| Enter hero's abilities submenu | 6 | |
| Right click | 727 | |
| Select / deselect | 542 | |
| Select group hotkey | 107 | |
| Use ability | 197 | |
1770 total
» units
| Peon | 12 | |
| Grunt | 20 | |
| Tauren | 6 | |
| Spirit Walker | 5 | |
| Raider | 3 | |
| Demolisher | 1 | |
47 total
» upgrades
| Berserker Strength | 1 | |
| Armor | 1 | |
| Spirit Walker Training | 2 | |
| Melee Weapons | 2 | |
| Pulverize | 1 | |
7 total
» buildings
| Altar of Storms | 1 | |
| Orc Burrow | 7 | |
| Voodoo Lounge | 1 | |
| Barracks | 1 | |
| Stronghold | 3 | |
| War Mill | 1 | |
| Fortress | 4 | |
| Spirit Lodge | 1 | |
| Tauren Totem | 2 | |
| Beastiary | 1 | |
| Great Hall | 1 | |
23 total
» build order
00:05 Altar of Storms
00:08 Orc Burrow
00:26 Voodoo Lounge
01:22 Barracks
02:00 Orc Burrow
03:40 Stronghold
03:40 Stronghold
04:27 Orc Burrow
05:03 War Mill
05:36 Orc Burrow
06:11 Fortress
06:11 Fortress
07:21 Spirit Lodge
08:35 Tauren Totem
08:46 Tauren Totem
09:08 Orc Burrow
10:44 Orc Burrow
12:08 Orc Burrow
16:37 Beastiary
19:42 Great Hall
» items
| Healing Salve | 1 | |
| Lesser Clarity Potion | 1 | |
| Boots of Speed | 1 | |
| Staff of Teleportation | 1 | |
4 total
ralph (
yellow | 100 APM | 2398 actions | 24:05)
6 Death Knight
3 Death Coil
2 Unholy Aura
1 Animate Dead
» actions
| Assign group hotkey | 119 | |
| Basic commands | 122 | |
| Build / train | 63 | |
| ESC pressed | 1 | |
| Enter build submenu | 22 | |
| Enter hero's abilities submenu | 6 | |
| Right click | 1403 | |
| Select / deselect | 412 | |
| Select group hotkey | 203 | |
| Use ability | 47 | |
2398 total
» units
| Acolyte | 6 | |
| Ghoul | 3 | |
| Crypt Fiend | 13 | |
| Frost Wyrm | 18 | |
| Gargoyle | 1 | |
41 total
» upgrades
| Creature Attack | 3 | |
| Web | 1 | |
| Burrow | 1 | |
| Freezing Breath | 1 | |
| Creature Carapace | 1 | |
7 total
» buildings
| Ziggurat | 7 | |
| Altar of Darkness | 1 | |
| Graveyard | 1 | |
| Nerubian Tower | 1 | |
| Crypt | 2 | |
| Tomb of Relics | 1 | |
| Halls of the Dead | 2 | |
| Black Citadel | 4 | |
| Sacrificial Pit | 1 | |
| Boneyard | 2 | |
22 total
» build order
00:06 Ziggurat
00:11 Altar of Darkness
00:53 Graveyard
00:58 Nerubian Tower
01:13 Crypt
01:35 Tomb of Relics
01:42 Ziggurat
02:36 Crypt
03:52 Halls of the Dead
04:27 Ziggurat
05:46 Ziggurat
06:26 Black Citadel
06:26 Black Citadel
06:39 Sacrificial Pit
08:07 Ziggurat
08:52 Boneyard
08:55 Boneyard
11:29 Ziggurat
14:49 Ziggurat
» items
Chat log
(00:16 / All) ralph: gl hf
(00:19 / All) BEAR_AND: thanx
(03:23 / All) BEAR_AND: lol
(24:02 / All) Adam.Sandler: gg
(24:05 / All) ralph: DAMN WELL PLAYED GUYS LOL